 Dungeon Crawl Stone Soup version 0.28-a0-973-ga7f8b01127 (webtiles) character file.

Game seed: 1486711899591466942

2996 browni3141 the Fighter (level 9, -9/83 HPs)
             Began as a Demigod Fighter on Dec 1, 2021.
             Killed from afar by a steam dragon (18 damage)
             ... with a ball of steam
             ... on level 7 of the Dungeon.
             The game lasted 00:16:13 (10672 turns).

browni3141 the Fighter (Demigod Fighter)           Turns: 10672, Time: 00:16:13

Health: -9/83      AC: 18    Str: 24 (25) XL:     9   Next: 29%
Magic:  20/20      EV: 22    Int:  9 (10) God:
Gold:   472        SH:  6    Dex: 23      Spells: 8/8 levels left

rFire   . . .      SeeInvis .   a - +0 long sword
rCold   . . .      Faith    .   c - +0 buckler
rNeg    . . .      Spirit   .   l - +0 plate armour
rPois   .          Reflect  .   r - +0 helmet
rElec   .          Harm     .   d - +0 cloak
rCorr   .          Rampage  .   u - +0 pair of gloves
Will    .....                   (no boots)
Stlth   ..........              w - amulet of the acrobat
HPRegen 0.23/turn               t - +6 ring of dexterity
MPRegen 0.17/turn               n - ring of magical power

@: acrobatic
A: high mp 1, forlorn, divine attributes
a: no special abilities


You were on level 7 of the Dungeon.
You visited 1 branch of the dungeon, and saw 7 of its levels.
You also visited: Ossuary.

You collected 472 gold pieces.

Inventory:

Hand Weapons
 a - a +0 long sword (weapon)
 j - a +1 antimagic dagger
 F - a +0 shortbow
Missiles
 E - 3 boomerangs (quivered)
 G - 21 arrows
 J - 27 sling bullets
Armour
 b - a +0 scale mail
 c - a +0 buckler (worn)
 d - a +0 cloak (worn)
 l - a +0 plate armour (worn)
 r - a +0 helmet (worn)
 u - a +0 pair of gloves (worn)
Jewellery
 n - a ring of magical power (right hand)
 t - a +6 ring of dexterity (left hand)
 w - an amulet of the acrobat (around neck)
Scrolls
 e - a scroll of silence {unknown}
 f - 5 scrolls of enchant armour
 g - 6 scrolls of identify
 h - 4 scrolls of teleportation
 k - 2 scrolls of noise {unknown}
 o - a scroll of immolation {unknown}
 q - a scroll of fog {unknown}
 y - a scroll of vulnerability {unknown}
 H - a scroll of amnesia {unknown}
 I - a scroll of blinking {unknown}
Potions
 i - a potion of berserk rage {unknown}
 m - 3 potions of degeneration
 s - a potion of mutation {unknown}
 v - a potion of flight {unknown}
 x - 3 potions of attraction {unknown}
 z - 2 potions of haste {unknown}
 A - a potion of lignification {unknown}
 B - 2 potions of magic {unknown}
 C - 3 potions of resistance {unknown}
 D - a potion of heal wounds {unknown}


   Skills:
 * Level 9.1 Fighting
 - Level 1.7 Long Blades
 * Level 9.1 Armour
 - Level 2.6 Shields


You had 8 spell levels left.
You didn't know any spells.
Your spell library contained the following spells:

 Spells                   Type           Power      Damage    Failure   Level
 Slow                     Hex            0%         N/A       99%         1
 Scorch                   Fire           0%         2d5       100%        2
 Confusing Touch          Hex            0%         N/A       100%        3
 Vampiric Draining        Necr           0%         2d6       100%        3
 Flame Wave               Conj/Fire      0%         2d4       100%        4
 Summon Cactus Giant      Summ           0%         N/A       100%        6


Dungeon Overview and Level Annotations

Branches:
Dungeon (7/15)             Temple (0/1) D:4         Ossuary (visited)

Shops:
D:1 =   D:5 =


Innate Abilities, Weirdness & Mutations

You have an increased reservoir of magic. (+10% MP)
You shall have no god before yourself.
Your divine heritage dramatically boosts your attributes as you level up.


Message History

The steam dragon breathes steam at you. The ball of steam hits you!!
* * * LOW HITPOINT WARNING * * *
You are too injured to fight recklessly!
You are too injured to fight recklessly!
Unknown command.
The steam dragon misses you. The steam dragon closely misses you.
You hit the steam dragon.
The steam dragon is heavily wounded.
The steam dragon bites you but does no damage.
The steam dragon closely misses you. x2
The steam dragon claws you but does no damage.
You barely miss the steam dragon.
The steam dragon is heavily wounded.
The steam dragon barely misses you.
The steam dragon claws you but does no damage.
You slash the steam dragon!
The steam dragon is severely wounded.
The steam dragon breathes steam at you.
The ball of steam hits you but does no damage.
You block the steam dragon's attack. x2
You completely miss the steam dragon.
The steam dragon is severely wounded.
You block the steam dragon's attack. The steam dragon barely misses you.
The steam dragon closely misses you. x2
You closely miss the steam dragon.
The steam dragon is severely wounded.
The steam dragon breathes steam at you. The ball of steam hits you!!
* * * LOW HITPOINT WARNING * * *
Unknown command.
You feel better. The steam dragon breathes steam at you.
The ball of steam hits you!
* * * LOW HITPOINT WARNING * * *
The steam dragon breathes steam at you. The ball of steam misses you.
The steam dragon breathes steam at you. The ball of steam hits you!!
You die...

.♣P..._...P♣.<.###..####.........
.♣.♣.....♣.♣5### ##5.##.........#
.P.♣♣P.P♣♣.5## ##5...........#
.5P.♣♣.♣♣.P.# ### ##..#........#
#≈≈P......≈≈# ##.#####...........
.≈≈.P♣♣♣P.≈≈# #....####........#)
####....##..###.....###.####..##
# ###...##.............# ### #
##....####.@§......# ###.##
###.§§D..## ### #####..# ..
#####.## ⌠.⌠ #..#..# #.# #...§§#
#.# ##...## #.######.##
###.....§...####


You could see a steam dragon (catching breath).

Vanquished Creatures
  Pikel (D:7)
  Prince Ribbit (D:6)
  A steam dragon (D:7)
  Edmund (D:6)
  A water moccasin (D:5)
  A sky beast (D:6)
  2 ice beasts (D:6)
  A black bear (D:3)
  A necrophage (D:5)
  An ogre (D:4)
  A centaur (D:7)
  A phantom (D:5)
  2 lemures (D:7)
  An elf zombie (Ossuary)
  A gnoll sergeant (D:7)
  3 scorpions
  3 killer bees (D:7)
  3 centaur zombies
  2 jellies (D:7)
  2 hounds
  2 orc priests (D:3)
  3 bullfrog skeletons
  5 iguanas
  4 orc wizards
  A hound zombie (Ossuary)
  A hound skeleton (D:4)
  4 mummies (Ossuary)
  5 gnolls (D:7)
  5 adders
  A shadow imp (D:6)
  2 white imps
  2 adder zombies (Ossuary)
  An adder skeleton (D:4)
  A worm (D:3)
  2 dart slugs
  14 orcs
  5 ball pythons
  8 endoplasms
  2 giant cockroaches
  7 hobgoblins
  4 jackals
  6 quokkas
  4 bats
  4 frilled lizards
  8 goblins
  2 goblin zombies (Ossuary)
  A hobgoblin zombie (Ossuary)
  A jackal zombie (Ossuary)
  3 kobolds
  A kobold zombie (Ossuary)
  An orc zombie (Ossuary)
  4 rats
  2 rat zombies (Ossuary)
146 creatures vanquished.

Vanquished Creatures (others)
  A butterfly (D:7)
  4 fungi (D:6)
  A plant (D:3)
  5 toadstools (D:6)
11 creatures vanquished.

Grand Total: 157 creatures vanquished

Notes
Turn   | Place    | Note
-------+----------+-------------------------------------------
     0 | D:1      | browni3141 the Demigod Fighter began the quest for the Orb.
     0 | D:1      | Reached XP level 1. HP: 18/18 MP: 3/3
    64 | D:1      | Found Xaoclova's Jewellery Shoppe.
   386 | D:1      | Reached XP level 2. HP: 24/26 MP: 4/4
  1115 | D:2      | Reached XP level 3. HP: 25/31 MP: 5/5
  1914 | D:3      | Reached XP level 4. HP: 11/40 MP: 6/6
  2677 | D:3      | Reached XP level 5. HP: 39/47 MP: 7/7
  3111 | D:4      | Noticed a black bear
  3663 | D:3      | Reached XP level 6. HP: 47/55 MP: 8/8
  3742 | D:4      | Reached skill level 5 in Fighting
  3742 | D:4      | Reached skill level 5 in Armour
  4595 | D:4      | Reached XP level 7. HP: 59/62 MP: 9/9
  4662 | D:4      | Found a staircase to the Ecumenical Temple.
  4685 | D:5      | Entered Level 5 of the Dungeon
  5953 | D:5      | Found Utor's Jewellery Emporium.
  6200 | D:6      | Reached XP level 8. HP: 28/73 MP: 10/10
  6640 | D:6      | Found a sand-covered staircase.
  6645 | Ossuary  | Entered an ossuary
  7142 | D:6      | Noticed Prince Ribbit
  7166 | D:6      | Killed Prince Ribbit
  7394 | D:6      | Identified the +0 ring mail of Oxzobla {Will++}
  7574 | D:6      | Noticed Edmund
  7931 | D:6      | Killed Edmund
  8494 | D:7      | Noticed Pikel
  9243 | D:7      | Reached XP level 9. HP: 59/82 MP: 11/11
  9685 | D:7      | HP: 4/82 [Pikel (2)]
 10489 | D:7      | Killed Pikel
 10672 | D:7      | Killed from afar by a steam dragon

Illustrated notes

Levels and vault maps discovered:
D:1:      lightli_arrival_farm, layout_basic, serial_forest,
          infiniplex_forest_lined_4_way, infiniplex_forest_straight_5,
          infiniplex_forest_end_2, infiniplex_forest_clump_tiny,
          infiniplex_forest_clump_small, infiniplex_forest_lined_1,
          infiniplex_forest_corner_1, serial_shops, shop_statue,
          shapermc_ecumenical_altar_mp_highgroup, chequers_garden
D:2:      layout_loops_ring
D:3:      layout_loops_ring, st_stairs_3, hangedman_glass_teeth,
          serial_bayou_pond_b
D:4:      layout_basic, nicolae_sif_muna_condensation,
          minmay_temple_entry_overgrown
D:5:      layout_basic, nicolae_gozag_seed_capital, serial_shops,
          nicolae_lakefront_shop
D:6:      layout_loops_cross, nicolae_qazlal_general_emergency, enter_ossuary_2,
          minmay_gold_behind_fungi, uniq_edmund, uniq_prince_ribbit1
D:7:      layout_cave_pods, gammafunk_temple_overflow_statue,
          general_overflow_altar, nicolae_elyvilon_peaceful_grove, uniq_pikel

Skill      XL: |  1  2  3  4  5  6  7  8  9 |
---------------+----------------------------+-----
Fighting       | 3 4 5 7 8 9 |  9.1
Armour         | 3 4 5 7 8 9 |  9.1
Long Blades    | |  1.7
Shields        | |  2.6

Action                   |  1- 3 |  4- 6 |  7- 9 || total
-------------------------+-------+-------+-------++-------
Melee: Long sword        |    99 |   216 |   445 ||   760
Throw: Dart              |       |    14 |    26 ||    40
       Javelin           |       |       |    10 ||    10
  Use: Potion            |       |     3 |     5 ||     8
       Scroll            |       |       |     4 ||     4
Armor: Scale mail        |    29 |       |       ||    29
       Plate armour      |    16 |   175 |   387 ||   578
Dodge: Dodged            |    42 |    95 |   237 ||   374
Block: Buckler           |    25 |    71 |   184 ||   280

Table legend: (Time is in decaauts)
 A = Elapsed time spent in this place.
 B = Non-inter-level travel time spent in this place.
 C = Inter-level travel time spent in this place.
 D = Time resting spent in this place.
 E = Time spent auto-exploring this place.
 F = Levels seen in this place.
 G = Mean time per level.
                   A        B        C        D        E       F      G
               +--------+--------+--------+--------+--------+-----+--------+
         Total |  10970 |  10780 |    190 |   1994 |   6159 |   8 | 1371.2 |
       Dungeon |  10546 |  10356 |    190 |   1994 |   5881 |   7 | 1506.6 |
       Ossuary |    424 |    424 |      0 |      0 |    278 |   1 |  424.0 |
               +--------+--------+--------+--------+--------+-----+--------+

Top non-repeatable levels by time:
     D:5: 2043 daAuts
     D:3: 2002 daAuts
     D:7: 1892 daAuts
     D:6: 1789 daAuts
     D:2: 969 daAuts
     D:1: 962 daAuts
     D:4: 886 daAuts
 Ossuary: 424 daAuts
